 Dungeon Crawl Stone Soup version 0.26.1-11-gd32895ea62 (webtiles) character file.

Game seed: 12660220805225704715

569 Almogavar the Poker (level 7, 0/52 HPs)
             Began as a Merfolk Gladiator on June 12, 2021.
             Was an Initiate of Makhleb.
             Slain by Prince Ribbit (14 damage)
             ... on level 5 of the Dungeon.
             The game lasted 00:11:42 (5302 turns).

Almogavar the Poker (Merfolk Gladiator)             Turns: 5302, Time: 00:11:43

Health: 0/52       AC:  5    Str: 15    XL:     7   Next: 33%
Magic:  7/7        EV: 15    Int:  7    God:    Makhleb [......]
Gold:   222        SH:  0    Dex: 17    Spells: 6/6 levels left

rFire    + . .     SeeInvis .   a - +0 trident
rCold    + . .     Faith    .   (no shield)
rNeg     . . .     Spirit   .   w - +1 leather armour {rF+}
rPois    .         Reflect  .   c - +0 helmet
rElec    .         Harm     .   (no cloak)
rCorr    .         Rampage  .   (no gloves)
Will     .....                  (no boots)
Stlth    ++........             g - amulet of magic regeneration
HPRegen  0.17/turn              q - ring of protection from cold
MPRegen  0.35/turn              (no ring)

@: no status effects
A: change form in water, swift swim, stealthy swim
a: Renounce Religion


You were on level 5 of the Dungeon.
You worshipped Makhleb.
Makhleb was noncommittal.
You visited 2 branches of the dungeon, and saw 6 of its levels.

You collected 222 gold pieces.

Inventory:

Hand Weapons
 a - a +0 trident (weapon)
Missiles
 d - 2 throwing nets (quivered)
 o - 98 stones
 p - 8 curare-tipped darts
Armour
 c - a +0 helmet (worn)
 r - a +0 ring mail
 w - a +1 leather armour of fire resistance (worn)
Jewellery
 g - an amulet of magic regeneration (around neck)
 q - a ring of protection from cold (left hand)
Wands
 v - a wand of acid (8)
Scrolls
 b - a scroll of teleportation
 e - a scroll of fog
 h - 2 scrolls of amnesia
 i - 3 scrolls of remove curse {unknown}
 k - 2 scrolls of immolation {unknown}
 l - a scroll of random uselessness {unknown}
Potions
 f - 2 potions of curing
 j - 2 potions of mutation {unknown}
 m - a potion of berserk rage {unknown}
 n - a potion of cancellation {unknown}
 s - a potion of heal wounds {unknown}
 t - a potion of flight {unknown}
 u - a potion of might {unknown}
 x - a potion of ambrosia {unknown}
 z - a potion of invisibility {unknown}


   Skills:
 + Level 3.6 Fighting
 + Level 7.8 Polearms
 + Level 2.2 Throwing
 + Level 2.4 Armour
 + Level 5.7 Dodging
 + Level 2.5 Stealth


You had 6 spell levels left.
You didn't know any spells.
Your spell library contained the following spells:

 Spells                   Type           Power        Failure   Level
 Magic Dart               Conj           0%           50%         1
 Blink                    Tloc           N/A          65%         2
 Call Imp                 Summ           0%           65%         2
 Slow                     Hex            0%           65%         2
 Conjure Flame            Conj/Fire      0%           86%         3
 Mephitic Cloud           Conj/Pois/Air  0%           86%         3


Dungeon Overview and Level Annotations

Branches:
Dungeon (5/15)             Temple (1/1) D:4

Altars:
Ashenzari
Dithmenos
Elyvilon
Fedhas
Hepliaklqana
Kikubaaqudgha
Makhleb
Qazlal
Ru
Sif Muna
Trog
Uskayaw
Wu Jian
Xom
Zin
The Shining One

Shops:
D:4 :

Annotations:
D:5 Prince Ribbit


Message History

Prince Ribbit is heavily wounded.
Prince Ribbit closely misses you.
You hit Prince Ribbit.
Prince Ribbit is severely wounded.
Prince Ribbit hits you.
You miss Prince Ribbit.
Prince Ribbit is severely wounded.
Prince Ribbit hits you. Prince Ribbit barely misses you.
You hit Prince Ribbit.
Prince Ribbit is severely wounded.
Prince Ribbit hits you!
Your leather armour prevents you from hitting Prince Ribbit.
Prince Ribbit is severely wounded.
Prince Ribbit hits you but does no damage.
You hit Prince Ribbit but do no damage.
Prince Ribbit is severely wounded.
Prince Ribbit hits you.
* * * LOW HITPOINT WARNING * * *
Prince Ribbit hits you!
You die...

# ##### ##......#.#.#
#....... #
#......#.#.# #...####
#
#....###.#.###...####
# #....#
#.#........... #....#
#.#####...#### #....#
#.# ###..... #....#
#..... ####.# #.....
#@# #..... #F# #.....
#.....l..# #.....
#........# #.....
#........# ######
#........# #........#
########## #
..........#
#......<.# #
....#...#.#
#........# #


You could see Prince Ribbit and a leopard gecko.

Vanquished Creatures
  An ogre (D:4)
  A scorpion (D:4)
  A bullfrog zombie (D:5)
  3 hounds
  A jelly (D:5)
  An orc priest (D:4)
  2 orc wizards (D:4)
  An iguana (D:4)
  A hound zombie (D:5)
  A worker ant zombie (D:5)
  4 adders
  A shadow imp (D:5)
  4 worms
  3 dart slugs
  3 leopard geckos
  6 orcs (D:4)
  15 goblins
  5 hobgoblins
  8 jackals
  5 kobolds
  4 quokkas
  A ball python (D:3)
  8 bats
  5 frilled lizards
  9 rats
94 creatures vanquished.

Notes
Turn   | Place    | Note
-------+----------+-------------------------------------------
     0 | D:1      | Almogavar the Merfolk Gladiator began the quest for the
                  | Orb.
     0 | D:1      | Reached XP level 1. HP: 16/16 MP: 1/1
   193 | D:1      | Reached XP level 2. HP: 22/22 MP: 2/2
   611 | D:2      | Reached XP level 3. HP: 28/28 MP: 3/3
   859 | D:2      | Reached skill level 5 in Polearms
  1562 | D:3      | Reached XP level 4. HP: 28/34 MP: 4/4
  1676 | D:3      | Reached skill level 1 in Stealth
  1874 | D:2      | Reached skill level 1 in Armour
  2476 | D:4      | Found a staircase to the Ecumenical Temple.
  2485 | D:4      | Reached skill level 6 in Polearms
  2485 | D:4      | Reached skill level 5 in Dodging
  2485 | D:4      | Reached XP level 5. HP: 35/39 MP: 5/5
  2492 | Temple   | Entered the Ecumenical Temple
  2690 | Temple   | Became a worshipper of Makhleb the Destroyer
  2723 | D:4      | Found Gioczigu's Book Shop.
  3230 | D:4      | Noticed an ogre
  3247 | D:4      | Killed an ogre
  3248 | D:4      | Reached skill level 7 in Polearms
  3248 | D:4      | Reached XP level 6. HP: 5/47 MP: 6/6
  4284 | D:4      | Reached XP level 7. HP: 40/52 MP: 7/7
  4565 | D:5      | Entered Level 5 of the Dungeon
  5277 | D:5      | Noticed Prince Ribbit
  5302 | D:5      | Slain by Prince Ribbit

Illustrated notes

Levels and vault maps discovered:
D:1:      zaba_arrival_water, layout_rooms
D:2:      layout_basic
D:3:      layout_basic, saegor_snake_ambush
D:4:      layout_layer_cave, minmay_temple_entry_mini_moons, serial_shops, shop,
          minmay_distorted
D:5:      layout_basic, uniq_prince_ribbit1
Temple:   nicolae_temple_elliptical

Skill      XL: |  1  2  3  4  5  6 |
---------------+-------------------+-----
Polearms       | 5 6 7 |  7.8
Stealth        | 1 2 |  2.5
Armour         | 1 2 |  2.4
Dodging        | 5 |  5.7
Fighting       | 3 |  3.6
Throwing       | |  2.2

Action                   |  1- 3 |  4- 6 |  7- 9 || total
-------------------------+-------+-------+-------++-------
Melee: Trident           |   109 |   174 |    89 ||   372
Throw: Throwing net      |       |     1 |       ||     1
  Use: Scroll            |       |       |     5 ||     5
 Stab: Sleeping          |     7 |     5 |     1 ||    13
       Distracted        |       |     1 |       ||     1
Armor: Leather armour    |    14 |    19 |    14 ||    47
Dodge: Dodged            |    38 |   124 |    50 ||   212
